AoeStats
← 活在故事里的骑士

Arena

510239117Analyzed
4v4 RM · 24h ago on Sep 30, 2026· 41m 56s· 8 players
Game mode
Random Map
Map size
Large (8 player)
Population
200
Speed
Normal
Resources
Standard
Victory
Conquest
Starting age
Dark Age
Ending age
Imperial Age
RankedLock teamsTeams togetherTeam positionsShared explorationLock speedFull tech treeHidden civsTurbo modeCheats
Victory
Defeat
🇨🇳 Persians · China
1221
+9
1127
+13
🇨🇳 Vikings · China
1126
+13
🇨🇳 Franks · China
1007
+19
🇨🇦 Britons · Canada
1072
-14
🇪🇨 Turks · Ecuador
1068
-14
🇺🇸 Spanish · United States
1043
-13
🇺🇸 Bohemians · United States
1043
-13
TeamBudRage
3:37 Loom
11:20 Feudal Age
15:18 Castle Age
14:06 Loom
16:11 Double-Bit Axe
29:44 Horse Collar
33:22 Heavy Plow
33:41 Bow Saw
36:05 Husbandry
37:27 Scale Mail Armor
40:52 Elite Skirmisher
Elite Seraphim
10:39 Feudal Age
10:48 Loom
15:34 Castle Age
14:03 Double-Bit Axe
14:10 Fletching
17:30 Wheelbarrow
17:22 Bodkin Arrow
22:47 Padded Archer Armor
26:28 Ballistics
26:38 Horse Collar
27:29 Bow Saw
29:24 Heavy Plow
29:47 Hand Cart
30:05 Scale Mail Armor
30:15 Forging
30:21 Leather Archer Armor
31:09 Gold Mining
31:04 Pikeman
31:30 Gambesons
34:17 Iron Casting
41:08 Imperial Age
ENJIN3AR
12:52 Feudal Age
16:34 Castle Age
15:10 Double-Bit Axe
15:25 Stone Mining
15:39 Horse Collar
15:56 Loom
19:13 Wheelbarrow
18:32 Gold Mining
18:49 Pikeman
23:07 Husbandry
24:41 Fletching
25:09 Bow Saw
26:41 Heavy Plow
32:44 Imperial Age
30:40 Hand Cart
31:14 Bloodlines
32:55 Light Cavalry
32:59 Cavalier
34:33 Conscription
36:14 Fervor
36:53 Pikeman
37:34 Squires
37:22 Gambesons
37:50 Forging
37:41 Scale Mail Armor
37:47 Scale Barding Armor
37:39 Bodkin Arrow
37:54 Halberdier
39:32 Chain Mail Armor
39:52 Iron Casting
LA MAQUINA SANCHEZ
12:10 Feudal Age
17:33 Castle Age
16:50 Double-Bit Axe
22:00 Imperial Age
20:04 Bow Saw
19:56 Horse Collar
22:28 Heavy Plow
22:28 Gold Mining
28:13 Ballistics
29:28 Two-Man Saw
28:17 Loom
36:34 Wheelbarrow
35:46 Town Watch
36:59 Husbandry
37:37 Fortified Wall
39:10 Bloodlines
39:06 Heavy Camel Rider
40:00 Scale Barding Armor
41:48 Gold Shaft Mining
mmmmmoooo
10:47 Feudal Age
15:08 Castle Age
12:57 Double-Bit Axe
14:03 Horse Collar
16:28 Bow Saw
17:36 Stone Mining
18:56 Loom
26:06 Gold Mining
32:30 Masonry
32:25 Heavy Plow
33:05 Fletching
33:16 Padded Archer Armor
38:51 Imperial Age
36:02 Crossbowman
37:02 Leather Archer Armor
36:44 Bodkin Arrow
37:59 Ballistics
40:11 Crop Rotation
40:43 Two-Man Saw
40:00 Chieftains
40:22 Conscription
40:16 Scale Mail Armor
40:26 Forging
41:16 Gold Shaft Mining
40:32 Arbalester
42:17 Chemistry
渣渣灰
12:01 Feudal Age
17:02 Castle Age
15:03 Double-Bit Axe
19:01 Loom
19:50 Man-at-Arms
20:16 Gambesons
21:20 Forging
21:10 Scale Mail Armor
dy小妖
11:12 Feudal Age
12:50 Double-Bit Axe
15:37 Castle Age
13:22 Horse Collar
17:06 Bow Saw
16:57 Heavy Plow
21:48 Stone Mining
22:35 Wheelbarrow
23:39 Gold Mining
24:59 Gold Shaft Mining
28:13 Imperial Age
25:59 Husbandry
26:10 Bloodlines
26:16 Scale Barding Armor
26:06 Loom
26:38 Hand Cart
27:08 Bloodlines
27:34 Chain Barding Armor
27:18 Town Watch
27:51 Cavalier
29:08 Plate Barding Armor
28:55 Conscription
29:40 Savar
30:58 Forging
32:19 Iron Casting
36:31 Blast Furnace
36:18 Capped Ram
39:48 Siege Ram
活在故事里的骑士
11:31 Feudal Age
13:20 Loom
16:01 Castle Age
17:12 Castle Age
22:45 Double-Bit Axe
22:55 Horse Collar
28:37 Imperial Age
27:24 Wheelbarrow
26:36 Loom
26:36 Town Watch
28:32 Chemistry
29:15 Hand Cart
29:43 Siege Engineers
30:24 Bow Saw
31:48 Murder Holes
32:04 Masonry
32:06 Fortified Wall
35:09 Conscription
34:55 Hussite Reforms
34:11 Elite Hussite Wagon
34:57 Wagenburg Tactics
37:37 Padded Archer Armor
Connection lost

Rejoining the realm…

Still unreachable

The connection could not be restored.

Session expired

The server has moved on; the page needs a fresh start.